 Dungeon Crawl Stone Soup version 0.21.1-1-g345015f (webtiles) character file.

1724 tyranidshit the Fighter (level 8, -10/72 HPs)
             Began as a Demonspawn Abyssal Knight on June 20, 2018.
             Was an Elder of Lugonu.
             Mangled by a wyvern (14 damage)
             ... on level 6 of the Dungeon.
             The game lasted 00:18:05 (4743 turns).

tyranidshit the Fighter (Demonspawn Abyssal Knight) Turns: 4743, Time: 00:18:06

Health: -10/72     AC: 16    Str: 15    XL:     8   Next: 75%
Magic:  12/12      EV:  9    Int: 15    God:    Lugonu [****..]
Gold:   306        SH:  3    Dex: 13    Spells: 7/7 levels left

rFire    + . .     SeeInvis .   m - +0 hand axe (chop)
rCold    . . .     Gourm    .   (no shield)
rNeg     . . .     Faith    .   k - +1 scale mail
rPois    +         Spirit   .   x - +0 helmet
rElec    .         Reflect  +   r - +1 cloak
rCorr    .         Harm     .   (no gloves)
MR       .....                  (no boots)
Stlth    ..........             j - +3 amulet of reflection
HPRegen  0.62/turn              l - +3 ring of protection
MPRegen  0.13/turn              (no ring)

@: no status effects
A: slimy green scales 2, clever 1, demonic guardian 1, fire resistance 1, poison
resistance, regeneration 1, no potion heal 1
a: Depart the Abyss, Bend Space, Banish, Corrupt, Renounce Religion


You were on level 6 of the Dungeon.
You worshipped Lugonu.
Lugonu was greatly pleased with you.
You were not hungry.

You visited 1 branch of the dungeon, and saw 6 of its levels.
You visited the Abyss 1 time.
You also visited: Ossuary.

You collected 306 gold pieces.

Inventory:

Hand Weapons
 a - a +2 hand axe
 m - a +0 hand axe of chopping (weapon)
Armour
 k - a +1 scale mail (worn)
 r - a +1 cloak (worn)
 x - a +0 helmet (worn)
Jewellery
 j - a +3 amulet of reflection (around neck)
 l - a +3 ring of protection (left hand)
Scrolls
 e - 9 scrolls of identify
 g - 5 scrolls of remove curse
 i - 3 scrolls of enchant weapon
 o - 3 scrolls of teleportation
 p - a scroll of amnesia
Potions
 f - a potion of curing
 h - 2 potions of haste
 n - a potion of berserk rage
 q - a potion of resistance
 s - 4 potions of brilliance
 t - 2 potions of lignification
 u - 3 potions of heal wounds
 v - 2 potions of flight
 w - a potion of magic
 z - a potion of might
Comestibles
 c - 8 rations


   Skills:
 - Level 10.1 Fighting
 + Level 4.1 Axes
 - Level 1.7 Armour
 - Level 0.8 Dodging
 + Level 5.8 Invocations


You had 7 spell levels left.
You didn't know any spells.

Dungeon Overview and Level Annotations

Branches:
Dungeon (6/15)
 Temple: D:4-7

Altars:
Ashenzari
Elyvilon
Okawaru
Ru
Vehumet


Innate Abilities, Weirdness & Mutations

You are mostly covered in slimy green scales. (AC +3)
A weak demonic guardian rushes to your aid.
Your flesh is heat resistant. (rF+)
Your mind is acute. (Int +2)
Your system is resistant to poisons. (rPois)
Your natural rate of healing is unusually fast.
Potions are less effective at restoring your health.


Message History

The wyvern is heavily wounded.
The wyvern closely misses you.
The wyvern bites you but does no damage.
You closely miss the wyvern.
The wyvern is heavily wounded.
The wyvern bites you but does no damage.
The iguana closely misses your iron imp.
You hit the wyvern.
The wyvern is severely wounded.
The wyvern bites you!
* * * LOW HITPOINT WARNING * * *
The wyvern bites you but does no damage.
Your iron imp hits the wyvern but does no damage.
You hit the wyvern but do no damage.
The wyvern is severely wounded.
Your iron imp disappears in a puff of smoke!
The wyvern bites you.
* * * LOW HITPOINT WARNING * * *
The wyvern bites you!
You die...

.# #.##...#########
.#################.##............
.................................
.######.######.###.##..###.......
.# #.# #.#...##..###.#####. .#
#.# #.#.#.(............. .# #.#
#......#..#######... .#
####.######......#............
.###............@l..#.##........#
................l................
.###.##.###.#####.######.#####...
.# #.##.............# #.# #... .#
#.######.####..#.# #.# ###... .#
#.# #......#.##.####.# #.....
.###.####.#.##.#.......#.# #.##.#
..##............)....#.#.###.#...
..........#.##.###.#.......#....#


You could see a wyvern and an iguana.

Vanquished Creatures
  Grinder (D:6)
  The ghost of matthes123 the Insei, an amateur OpTm of Makhleb (D:5)
  Eustachio (D:6)
  An ice beast (D:6)
  An ogre (D:4)
  A phantom (D:5)
  A centaur (D:6)
  3 elf zombies (Ossuary)
  2 centaur zombies (Ossuary)
  2 crimson imps
  A human zombie (Ossuary)
  An orc priest (D:3)
  2 orc wizards
  2 worker ants
  Natasha (D:4)
  The ghost of dscm the Digger, a weakling OpEE (D:4)
  2 mummies (Ossuary)
  6 adders
  A shadow imp (D:6)
  An ooze (D:2)
  2 worms
  2 dart slugs (D:1)
  5 leopard geckos
  14 orcs
  4 giant cockroaches
  10 goblins
  11 hobgoblins
  17 jackals
  8 kobolds
  6 bats
  2 frilled lizards
  A jackal skeleton (D:4)
  A jackal zombie (D:4)
  7 rats
122 creatures vanquished.

Vanquished Creatures (collateral kills)
  2 elf zombies (Ossuary)
  A bullfrog (D:5)
  2 centaur zombies (Ossuary)
  2 human zombies (Ossuary)
  2 orc priests
  A centaur skeleton (D:6)
  A mummy (Ossuary)
  A leopard gecko (D:5)
  3 orcs (D:3)
  A frilled lizard (D:3)
16 creatures vanquished.

Grand Total: 138 creatures vanquished

Notes
Turn   | Place    | Note
-------+----------+-------------------------------------------
     0 | Abyss:1  | tyranidshit the Demonspawn Abyssal Knight began the quest for the Orb.
     0 | Abyss:1  | Reached XP level 1. HP: 18/18 MP: 2/2
     8 | Abyss:1  | Found a roughly hewn altar of Beogh.
    61 | Abyss:1  | Noticed a worldbinder
    62 | Abyss:1  | Noticed a manticore
    74 | Abyss:1  | Noticed a wind drake
    74 | Abyss:1  | Noticed a merfolk siren
    75 | Abyss:1  | Noticed a spatial maelstrom
    76 | Abyss:1  | Noticed a merfolk siren
    76 | Abyss:1  | Noticed a merfolk siren
    76 | Abyss:1  | Noticed a manticore
    76 | D:1      | Escaped the Abyss
   120 | D:1      | Reached * piety under Lugonu
   129 | D:1      | Gained mutation: A weak demonic guardian rushes to your aid. [demonic ancestry]
   129 | D:1      | Reached XP level 2. HP: 21/24 MP: 3/3
   238 | D:1      | Reached skill level 4 in Fighting
   306 | D:1      | Found an iron altar of Okawaru.
   463 | D:1      | Reached XP level 3. HP: 24/30 MP: 4/4
   767 | D:2      | Reached ** piety under Lugonu
   905 | D:2      | Found a shattered altar of Ashenzari.
  1009 | D:2      | Gained mutation: You are partially covered in slimy green scales. (AC +2) [demonic ancestry]
  1009 | D:2      | Reached XP level 4. HP: 23/38 MP: 5/5
  1077 | D:2      | Found a radiant altar of Vehumet.
  1095 | D:2      | Reached skill level 5 in Fighting
  1516 | D:3      | Found a faded altar of an unknown god.
  1650 | D:3      | Reached *** piety under Lugonu
  1906 | D:3      | Gained mutation: You are mostly covered in slimy green scales. (AC +3) [demonic ancestry]
  1906 | D:3      | Reached XP level 5. HP: 30/46 MP: 6/6
  1969 | D:3      | Reached skill level 6 in Fighting
  1976 | D:3      | Found a sacrificial altar of Ru.
  2210 | D:4      | Noticed an ogre
  2219 | D:4      | Killed an ogre
  2219 | D:4      | Gained mutation: Your flesh is heat resistant. (rF+) [demonic ancestry]
  2219 | D:4      | Reached XP level 6. HP: 31/53 MP: 7/7
  2245 | D:4      | Reached skill level 7 in Fighting
  2305 | D:4      | Found a white marble altar of Elyvilon.
  2392 | D:4      | Noticed Natasha
  2399 | D:4      | Killed Natasha
  2695 | D:4      | Noticed dscm's ghost (weakling OpEE)
  2702 | D:4      | Killed dscm's ghost
  2713 | D:4      | Gained mutation: Your natural rate of healing is unusually fast. [potion of mutation]
  2713 | D:4      | Gained mutation: Your system is resistant to poisons. (rPois) [potion of mutation]
  2713 | D:4      | Gained mutation: Potions are less effective at restoring your health. [potion of mutation]
  2713 | D:4      | Gained mutation: Your mind is acute. (Int +2) [potion of mutation]
  2942 | D:5      | Entered Level 5 of the Dungeon
  2959 | D:5      | Found a sand-covered staircase.
  3042 | D:5      | Reached **** piety under Lugonu
  3050 | Ossuary  | Entered an ossuary
  3088 | Ossuary  | Reached skill level 8 in Fighting
  3088 | Ossuary  | Reached XP level 7. HP: 27/62 MP: 8/8
  3218 | Ossuary  | Reached skill level 9 in Fighting
  3522 | D:5      | Noticed matthes123's ghost (amateur OpTm)
  3534 | D:5      | Killed matthes123's ghost
  3534 | D:5      | Reached skill level 10 in Fighting
  3534 | D:5      | Reached XP level 8. HP: 67/72 MP: 9/9
  4329 | D:6      | Noticed Eustachio
  4330 | D:6      | Noticed Grinder
  4361 | D:6      | Killed Eustachio
  4367 | D:6      | Paralysed by Grinder for 2 turns
  4370 | D:6      | Killed Grinder
  4370 | D:6      | Reached skill level 5 in Invocations
  4743 | D:6      | Mangled by a wyvern

Skill      XL: |  1  2  3  4  5  6  7  8 |
---------------+-------------------------+-----
Fighting       | 4 5 6 8 10 | 10.1
Axes           | 4 |  4.1
Invocations    | 5 |  5.8
Armour         | |  1.7
Dodging        | |  0.8

Action                   |  1- 3 |  4- 6 |  7- 9 || total
-------------------------+-------+-------+-------++-------
Melee: Hand axe          |   121 |   237 |   285 ||   643
Invok: Depart the Abyss  |     1 |       |       ||     1
  Use: Potion            |     4 |     5 |       ||     9
       Scroll            |     4 |     5 |     5 ||    14
 Stab: Distracted        |       |       |     3 ||     3
  Eat: Ration            |     1 |     2 |     1 ||     4
Armor: Ring mail         |    50 |       |       ||    50
       Scale mail        |     5 |   157 |   183 ||   345
Dodge: Dodged            |    86 |   147 |   136 ||   369
Block: Other             |     3 |    32 |    29 ||    64
       Reflection        |       |       |     1 ||     1
